[Event "10th Cherry Blossom Classic 2023"]
[Site "Dulles"]
[Date "2023.05.28"]
[Round "5.2"]
[White "Nyzhnyk, Illya"]
[Black "Hilby, Craig"]
[Result "1-0"]
[ECO "A33"]
[WhiteElo "2644"]
[BlackElo "2401"]
[Annotator "TA"]
[PlyCount "77"]
[EventDate "2023.05.24"]
[EventType "swiss"]
[EventCountry "USA"]
[SourceTitle "playchess.com"]
[Source "ChessBase"]
[SourceQuality "1"]
[TimeControl "5400+30"]

1. d4 e6 2. Nf3 c5 3. c4 cxd4 4. Nxd4 Nf6 5. Nc3 Nc6 6. g3 Qb6 7. Nb3 Ne5 8. e4 Bb4 9. Qe2 Bxc3+ {[%emt 0:02:20] A33: Symmetrical English: 2 Nf3 Nf6 3 d4 cxd4 4 Nxd4 e6 5 Nc3 Nc6.} (9... d6 $1 $11) 10. bxc3 $14 d6 11. f4 Ng6 {[%emt 0:18:09] White is slightly better.} 12. Ba3 {[%emt 0:00:00] Hoping for Rd1.} O-O {[%emt 0:05:36] [#]} (12... Bd7 $1 $14) 13. e5 $146 ({Predecessor:} 13. Rd1 Rd8 14. Bg2 e5 15. f5 Ne7 16. g4 Ne8 17. Bf3 Qa6 18. Bc1 Bd7 19. c5 Bb5 {0-1 Kohler,T (2164)-Von Herman,U (2340) Berlin Eckbauer op 19th 2016 (4)}) 13... dxe5 14. fxe5 (14. Bxf8 Kxf8 15. fxe5 Nd7 $14) 14... Nd7 15. Bd6 $1 (15. Bxf8 Kxf8 16. Bg2 Ndxe5) 15... Qd8 {[%emt 0:13:16] Black is weak on the dark squares} 16. Bg2 {[%emt 0:00:00] White has more active pieces. The black rooks are badly placed.} Qg5 17. O-O Ngxe5 (17... Ndxe5 $16 {was necessary.} 18. Rfe1 Nd7 19. Bxf8 Kxf8) 18. Bxf8 Kxf8 19. Rad1 a5 (19... Qe7 $142 20. c5 Kg8) 20. Nd4 $18 Qe7 {[%emt 0:01:26] [#]} 21. Rb1 $1 f6 22. Rb5 ({Don't play} 22. Bxb7 Rb8) 22... Ke8 23. Bxb7 Bxb7 24. Rxb7 {[%emt 0:00:00][%cal Bb5b7,Bb7a7,Ba7a6,Ba6e6,Be6e8][%mdl 32] Threatens to win with Rc7.} Rc8 {[%emt 0:01:27] Dodges Rc7} 25. Ra7 Qc5 {[%emt 0:01:26] [#]} 26. Ra6 Qxc4 27. Rxe6+ ({Not} 27. Rxa5 Qxc3 28. Nb3 Qb4 $14) 27... Kf8 28. Qxc4 ({Inferior is} 28. Rxe5 Nxe5 29. Qxc4 Rxc4 $15) 28... Rxc4 29. Nb5 {[%emt 0:00:00] Nd6 is the strong threat.} Rc5 (29... Ra4 {is a better defense.} 30. Nd6 g6) 30. Nd6 Kg8 31. Re8+ Nf8 {[%emt 0:00:01] [#]} 32. c4 $1 Rc6 (32... Nf7 33. Nf5) 33. Rd1 g5 {[%emt 0:01:28] [#]} (33... Rb6 $142 34. Nf5 g6) 34. c5 $1 {[%emt 0:00:00] White is clearly winning.} Rxc5 (34... Rc7 35. Rb1) 35. Ne4 Nf3+ 36. Kg2 Rf5 37. Rdd8 Ne1+ 38. Kg1 Nf3+ 39. Kh1 {[%emt 0:00:00] Black did not feel at home in the position after the opening.   Weighted Error Value: White=0.09 (flawless) /Black=0.38} 1-0

[Event "10th Cherry Blossom Classic 2023"]
[Site "Dulles"]
[Date "2023.05.28"]
[Round "5.3"]
[White "Durarbayli, Vasif"]
[Black "Druska, Juraj"]
[Result "1-0"]
[ECO "C18"]
[WhiteElo "2627"]
[BlackElo "2496"]
[Annotator "TA"]
[PlyCount "85"]
[EventDate "2023.05.24"]
[EventType "swiss"]
[EventCountry "USA"]
[SourceTitle "playchess.com"]
[Source "ChessBase"]
[SourceQuality "1"]
[TimeControl "5400+30"]

1. e4 e6 2. d4 d5 3. Nc3 Bb4 4. e5 c5 5. a3 Bxc3+ 6. bxc3 Nc6 7. Qg4 g6 8. Qf4 $5 {[%emt 0:05:12][%mdl 4] An interesting side line. C18: French: 3 Nc3 Bb4: Main line: 7 h4 and 7 Qg4.} ({Much worse is} 8. dxc5 Nxe5 9. Bb5+ Bd7 $15) 8... h6 9. dxc5 Qa5 10. Bd2 {[%emt 0:03:29] White is slightly better.} Qxc5 11. Nf3 Bd7 {[%emt 0:02:01] [#]} 12. Nd4 $146 (12. h4 {seems wilder.} O-O-O 13. Bd3 g5 14. Qxf7 g4 15. Nd4) ({Predecessor:} 12. h4 Nge7 13. Bd3 O-O-O 14. O-O Nf5 15. g3 Rdg8 16. Qg4 g5 17. h5 Nh4 18. Nd4 Nxe5 {1-0 Smirnov,A (2549)-Rodriguez Vila,A (2477) Olympiad-43 Batumi 2018 (11.1)}) 12... Nxd4 13. Qxd4 Qxd4 14. cxd4 Ne7 {[%emt 0:00:06] Black is weak on the dark squares} 15. Rb1 b6 16. Ba6 Nc6 17. Bc3 O-O 18. Kd2 f6 19. exf6 Rxf6 20. f3 g5 21. Rbf1 Raf8 22. Be2 Kg7 23. h4 Be8 24. Rh3 gxh4 25. Rxh4 Rf4 26. Rxf4 Rxf4 27. Ke3 Rf8 28. Rc1 Bg6 29. Be1 Rc8 30. Ba6 Re8 ({Better is} 30... Rd8) 31. c4 $16 Nb8 {[%emt 0:06:42] [#]} (31... Ne7 $16 32. Ke2 h5) 32. Bb7 $1 $18 {[%emt 0:04:30] c5 is the strong threat.} Re7 33. Ba8 dxc4 34. Rxc4 Nd7 35. Rc7 {[%emt 0:00:14][%cal Oa8c6] And now Bc6! would win.} Rf7 36. Rxa7 Nf6 37. Ra6 Rc7 (37... Nd5+ $142 38. Bxd5 exd5 39. Rxb6 Re7+ 40. Kd2 Kf7) 38. Rxb6 Rc2 39. g4 Ra2 40. Bb4 ({And not} 40. Rxe6 Rxa3+ $17) 40... h5 41. gxh5 ({Much less strong is} 41. Rxe6 hxg4 42. fxg4 Nxg4+ 43. Kf4 Nf2 $18) 41... Nxh5 (41... Bf5 $142 42. Be4 Nd5+ 43. Bxd5 exd5) 42. Rxe6 Ng3 {[%emt 0:00:05] [#] White must now prevent ...Re2+.} 43. Be4 {[%emt 0:02:08] Weighted Error Value: White=0.09 (flawless) /Black=0.27 (precise)} 1-0

[Event "10th Cherry Blossom Classic 2023"]
[Site "Dulles"]
[Date "2023.05.28"]
[Round "5.4"]
[White "Ouellet, Maili-Jade"]
[Black "Burke, John M"]
[Result "0-1"]
[ECO "D47"]
[WhiteElo "2246"]
[BlackElo "2583"]
[Annotator "TA"]
[PlyCount "84"]
[EventDate "2023.05.24"]
[EventType "swiss"]
[EventCountry "USA"]
[SourceTitle "playchess.com"]
[Source "ChessBase"]
[SourceQuality "1"]
[TimeControl "5400+30"]

1. d4 d5 2. c4 e6 3. Nc3 c6 4. e3 Nf6 5. Nf3 Nbd7 6. Bd3 dxc4 7. Bxc4 b5 8. Bd3 Bb7 9. e4 b4 10. Na4 c5 11. e5 Nd5 12. O-O cxd4 13. Nxd4 {[%emt 0:00:08] is recently more successful than 13.Re1.} g6 {[%emt 0:09:07] D47: Semi-Slav: Meran System.} 14. Qg4 (14. Bb5 a6 15. Bxd7+ Qxd7 $15) 14... Qa5 (14... Nxe5 15. Bb5+ $14) (14... h5 $5 15. Qh3 Qa5 $11) 15. Bb5 {[%emt 0:14:04] [#]} a6 $146 {[%emt 0:12:19] White is slightly better.} ({Predecessor:} 15... Ba6 16. Bxd7+ Kxd7 17. Rd1 Qxa4 18. Nxe6 fxe6 19. Rxd5+ Kc7 20. Qxe6 Re8 21. Qf7+ Kb8 {1-0 Sundararajan,K (2497)-Sasikiran,K (2663) Asia-ch 5th Hyderabad 2005 (5)}) 16. Bxd7+ Kxd7 17. b3 Be7 18. Bg5 Bxg5 19. Qxg5 Rac8 20. Rac1 (20. Nb2 $16) 20... h6 21. Qd2 g5 {[%emt 0:00:32] [#]} (21... Rxc1 $14 22. Rxc1 Rc8) 22. Rxc8 (22. Nc2 $1 $16 ) 22... Rxc8 $11 23. h4 gxh4 24. Qxh6 (24. Kh2 $11) 24... Rg8 ({Black should try} 24... Kc7 $1 $15) 25. Rd1 (25. Qxh4 Ne3 26. g3 (26. fxe3 $2 Rxg2+ 27. Kh1 Rg4+ {[%mdl 64] Discovered Attack} 28. Kh2 Rxh4+ $19) 26... Nxf1 $19) (25. f3 $11) 25... Kc8 $15 {[%emt 0:06:14][%cal Bd7c8,Bc8b8,Bb8a8][%mdl 32] ...Nc3 is the strong threat. Dancing on a razor blade.} 26. Rd3 (26. Nxe6 Nc3 27. Nf4 (27. Nxc3 $2 bxc3 28. Qh7 Rxg2+ 29. Kf1 Kb8 $19) 27... Nxd1 $17) ({White should play} 26. Qh7 $15 Rxg2+ 27. Kf1) 26... Qc7 $17 27. Nf3 Qc2 28. Rd4 {[%emt 0:01:31] Rc4+ would be deadly.} Kb8 (28... Qxa2 29. Qh7 Ne7 30. Qxf7 Qa1+ 31. Kh2 $11) 29. Qxh4 Qxa2 (29... a5 $5 ) 30. Nc5 {[%emt 0:00:33] And now Qh7 would win.} Qb1+ $40 {[%emt 0:01:19][%mdl 128] Black is up to no good.} 31. Kh2 Qg6 32. g3 {[%emt 0:01:39][%mdl 8192] Now White is beyond hope.} (32. Qh3 $11 {and White has nothing to worry.}) 32... Qc2 $1 $19 33. Nd7+ $2 (33. Ne4 Qxb3 34. Qh5) 33... Ka8 34. Nd2 Qc6 {[%emt 0:02:28] Threatens to win with ...Ne3.} 35. Rxd5 exd5 36. Nf6 {[%emt 0:00:19] [#]} d4 $1 37. f3 Rc8 38. Qxd4 Qc3 39. Qd6 Qe3 {[%emt 0:01:24] aiming for ...Rc2.} (39... Bxf3 40. Qxa6+ Kb8 41. Nd7+ Kc7 42. Qd6+ Kb7 43. Qb6+ Ka8 44. Qa6#) 40. g4 $2 (40. Nfe4 $19 Qe2+ 41. Kh3) 40... Qf2+ (40... Bxf3 41. Qxa6+ Kb8 42. Nd7+ Kc7 43. Qd6+ Kb7 44. Qxb4+ Kc6 45. Qc4+ Kxd7 46. Qxf7+ Kc6 47. Qxf3+ (47. Nxf3 Qf2+ 48. Kh3 Rh8+) 47... Qxf3 48. Nxf3 $11) 41. Kh3 Rh8+ (41... Bxf3 42. Qxa6+ Kb8 43. Nd7+ Kc7 44. Qd6+ Kb7 45. Qxb4+ Kc7 46. Qd6+ Kb7 47. Qb4+ Kc6 48. Qc4+ (48. Nb8+ Kc7 $15) 48... Kb7 49. Qb4+ $11) 42. Nh5 {[%emt 0:00:07] [#]} Rxh5+ $1 {[%emt 0:00:04][%mdl 512] A cool game by Burke.   Weighted Error Value: White=0.68/Black=0.24 (precise)} 0-1

[Event "10th Cherry Blossom Classic 2023"]
[Site "Dulles"]
[Date "2023.05.28"]
[Round "5.5"]
[White "Khanin, Semen"]
[Black "Stearman, Josiah"]
[Result "1-0"]
[ECO "D35"]
[WhiteElo "2566"]
[BlackElo "2385"]
[Annotator "TA"]
[PlyCount "81"]
[EventDate "2023.05.24"]
[EventType "swiss"]
[EventCountry "USA"]
[SourceTitle "playchess.com"]
[Source "ChessBase"]
[SourceQuality "1"]
[TimeControl "5400+30"]

1. d4 Nf6 2. c4 e6 3. Nc3 d5 4. cxd5 exd5 5. Bg5 Be6 6. e3 {[%emt 0:01:50] D35: Queen's Gambit Declined: Exchange Variation.} Nbd7 7. Bd3 c6 8. h3 {[%emt 0:05:20] White has an edge.} Be7 9. Bf4 O-O 10. Nf3 h6 11. O-O Nb6 12. Ne5 (12. Rc1 {simplifies} Rc8 13. Qe2 Re8 14. Rfd1) 12... Nfd7 13. Qh5 {[%emt 0:10:42][%cal Of4h6] [#]} Nxe5 $146 ({Predecessor:} 13... Nf6 14. Qe2 Nfd7 15. Rad1 Nxe5 16. Bxe5 Bf6 17. f4 Bxe5 18. dxe5 f5 19. exf6 Qxf6 {1-0 Injac,T (2284)-Skou,N (2036) Gibraltar Masters 18th 2020 (2)}) 14. dxe5 Bg5 15. Bh2 {[%emt 0:05:08] White has more active pieces. The black rooks are badly placed.} f5 16. exf6 (16. Ne2 {simplifies} Qe8 17. Qxe8 Raxe8 18. Nd4) 16... Bf7 17. Qg4 {[%emt 0:10:09] Hoping for fxg7.} Qxf6 18. e4 Be6 19. Qe2 {[%emt 0:00:46] e5 would be deadly.} Qe7 20. exd5 {[%emt 0:07:14][%mdl 64] Remove Defender} Nxd5 21. Rae1 {[%emt 0:01:39] Black must now prevent Nxd5.} Rae8 22. Qh5 {[%emt 0:06:59] Threatens to win with Nxd5.} Nxc3 23. Qg6 {[%emt 0:09:01] Threatening mate with Qh7+.} (23. bxc3 $5 Qf6 24. Be5 $14) 23... Bf5 $1 24. Bxf5 Qxe1 25. Qh7+ Kf7 26. Qg6+ Kg8 27. Qh7+ Kf7 {[%emt 0:00:01] ( -> ...Ne2+)} 28. bxc3 {[%emt 0:00:08] aiming for Bg6+.} Qxc3 29. Qg6+ Kg8 30. Qh7+ Kf7 31. Bg6+ Ke7 (31... Kf6 $11 {remains equal.} 32. Bh5 Re6) 32. Bh5 $1 $16 {[%emt 0:00:13] A strong pair of Bishops.} Qd4 {[%emt 0:02:46][%mdl 8192] [#] Wards off Rd1. This move loses the game for Black.} 33. Rd1 $1 $18 Bd2 {[%emt 0:09:59] [#]} (33... Qxf2+ $142 34. Kh1 Qf1+ 35. Rxf1 Rxf1+ 36. Bg1 Rd8 37. Qxg7+ Kd6) 34. Rxd2 $1 {[%emt 0:00:00][%mdl 64] Deflection} Qxd2 35. Qxg7+ {[%emt 0:00:00] White mates.} Ke6 36. Qe5+ (36. Bxe8 $2 Qe1#) 36... Kd7 37. Bg4+ ({Inferior is} 37. Bxe8+ Rxe8 38. Qc7+ Ke6 39. Qe5+ Kd7 40. Qc7+ Ke6 41. Qe5+ Kd7 $11) 37... Re6 38. Qc7+ Ke8 39. Bh5+ (39. Bxe6 $2 Qe1#) 39... Rf7 40. Qxf7+ Kd8 41. Qc7# {[%emt 0:00:05] Beautiful play by Khanin!   Weighted Error Value: White=0.06 (flawless) /Black=0.45} 1-0

[Event "10th Cherry Blossom Classic 2023"]
[Site "Dulles"]
[Date "2023.05.28"]
[Round "5.6"]
[White "Bora, Safal"]
[Black "Matviishen, Viktor"]
[Result "1/2-1/2"]
[ECO "D41"]
[WhiteElo "2462"]
[BlackElo "2538"]
[Annotator "TA"]
[PlyCount "80"]
[EventDate "2023.05.24"]
[EventType "swiss"]
[EventCountry "USA"]
[SourceTitle "playchess.com"]
[Source "ChessBase"]
[SourceQuality "1"]
[TimeControl "5400+30"]

1. c4 c5 2. Nc3 Nf6 3. Nf3 d5 4. cxd5 Nxd5 5. d4 e6 6. e4 Nxc3 7. bxc3 cxd4 8. cxd4 Bb4+ 9. Bd2 Bxd2+ 10. Qxd2 O-O 11. Bc4 b6 12. O-O {[%emt 0:01:08] D41: Queen's Gambit Declined: Semi-Tarrasch with 5 cxd5.} Bb7 13. Rfe1 Nc6 14. Rac1 Rc8 {[%emt 0:00:18] [#]} 15. h4 $146 (15. d5 {feels hotter.} Na5 16. dxe6 Nxc4 17. exf7+ Kxf7 18. Rxc4 Rxc4 19. Ne5+) ({Predecessor:} 15. Bb5 Qd6 16. Bxc6 Bxc6 17. Ne5 Bb7 18. f3 Rxc1 19. Rxc1 Rd8 20. Rd1 Qa3 21. Qc1 Qxc1 22. Rxc1 {0-1 Walid,S (1745)-Boulaares,A (1735) Arab-ch U18 Baghdad 2022 (7)}) 15... h6 16. h5 (16. d5 {looks sharper.} exd5 17. Bxd5 Re8 18. g3) 16... Qd6 17. d5 exd5 18. Bxd5 Qe7 19. Rcd1 Rcd8 20. Qc3 Na5 {[%emt 0:01:19] [#]} (20... Rc8 $11 {remains equal.}) 21. Ne5 $1 $16 {[%emt 0:05:22][%cal Bf3e5,Be5c6,Bc6d4][%mdl 32] Strongly threatening Ng6. White has more active pieces.} Bxd5 22. exd5 {[%emt 0:00:10] Nc6 is the strong threat.} ({But not} 22. Rxd5 Rfe8 $11) 22... Qd6 {[%emt 0:05:07] Black is weak on the light squares} 23. Qf3 Rde8 24. Nc6 a6 (24... Rxe1+ $11 {keeps the balance.} 25. Rxe1 Nxc6 26. dxc6 Rc8) 25. Nd4 {[%emt 0:04:42] [#] Threatens to win with Nf5.} Qb4 26. Rxe8 (26. Re2 $5 ) 26... Rxe8 {[%emt 0:00:00] The position is equal.} 27. Kh2 {[%emt 0:00:54] Hoping for Nf5.} Nc4 {[%emt 0:01:13] White must now prevent ...Nb2.} 28. Nf5 Nd6 29. Nxd6 Qxd6+ $11 {[%emt 0:01:41][%mdl 4096] Endgame KQR-KQR} 30. g3 Re5 31. Kg2 b5 32. Rd2 b4 33. Qf4 a5 34. Rd4 f6 35. Qc1 Qd7 (35... Rxd5 $2 36. Qc4 $18) 36. Qd1 Qd6 37. Qa4 Qc5 38. Qd1 Qd6 39. Qa4 Qc5 40. Qd1 Qd6 {[%emt 0:00:13] Weighted Error Value: White=0.06 (flawless) /Black=0.09 (flawless)} 1/2-1/2

[Event "10th Cherry Blossom Classic 2023"]
[Site "Dulles"]
[Date "2023.05.28"]
[Round "5.7"]
[White "Marjanovic, Annamaria"]
[Black "Park, Evan"]
[Result "1/2-1/2"]
[ECO "A13"]
[WhiteElo "2273"]
[BlackElo "2380"]
[Annotator "TA"]
[PlyCount "168"]
[EventDate "2023.05.24"]
[EventType "swiss"]
[EventCountry "USA"]
[SourceTitle "playchess.com"]
[Source "ChessBase"]
[SourceQuality "1"]
[TimeControl "5400+30"]

1. c4 e6 2. g3 Nf6 3. Bg2 d5 4. Nf3 d4 5. O-O c5 6. e3 Nc6 7. exd4 cxd4 8. d3 Bc5 {[%emt 0:02:56] A13: English Opening: 1...e6.} 9. a3 a5 $1 10. Re1 O-O 11. Bg5 h6 12. Bxf6 {[%emt 0:00:29] [#]} gxf6 $146 ({Predecessor:} 12... Qxf6 13. Qe2 a4 14. Nbd2 Bb6 15. Ne5 Nxe5 16. Qxe5 Qxe5 17. Rxe5 Ra5 18. Rxa5 Bxa5 {1-0 Muradli,M (2523)-Harshita,G (2230) Novi Sad Serbia op-A 2022 (2)}) 13. Nbd2 Kh7 14. Nh4 f5 15. f4 Bd7 16. Qe2 Rb8 (16... a4 {seems wilder.} 17. Qh5 Be7 18. Nhf3 Rb8) 17. Rab1 a4 18. Nhf3 Qe7 19. Qd1 Ra8 20. Ne5 Nxe5 21. Rxe5 Rab8 22. Bh3 {[%emt 0:09:04] And now Bxf5+ would win.} Qd6 23. b4 (23. Qh5 $11) 23... axb3 $17 24. Nxb3 b6 25. Nxc5 bxc5 26. Re2 Qa6 (26... Bc6 {is interesting.} 27. Kf2 Rxb1 28. Qxb1 Ra8) 27. Ra2 Qa4 28. Qc1 Rb3 29. Rxb3 Qxb3 30. Qc2 Qxc2 31. Rxc2 {[%emt 0:00:06][%mdl 4096] Endgame KRB-KRB} Rb8 {[%emt 0:00:09] Prevents Rb2} 32. Ra2 Ba4 33. Bf1 f6 34. Re2 Rb6 35. Re1 Kg7 36. Kf2 Kf7 37. Be2 (37. h3 $17) 37... Ke7 ({Black should try} 37... Rb2 $19 38. Kf1 e5) 38. h3 (38. g4 $17 {was called for.}) 38... Bc2 (38... e5 $19 {Threatens to win with ...e4.} 39. fxe5 fxe5) 39. Ra1 {[%emt 0:03:42] [#]} (39. g4 $17) 39... Rb2 $1 $19 ({Stronger than} 39... Rb3 40. a4 Rb1 41. Ra3 $11 (41. Rxb1 Bxb1 42. a5 Kd6 $11)) 40. Ke1 Ba4 41. g4 fxg4 42. hxg4 e5 43. fxe5 (43. Bd1 $17 Rh2 44. Bf3) 43... fxe5 44. Bd1 {[%emt 0:00:14] [#]} Rh2 $1 {[%emt 0:04:24] ...Bc2 is the strong threat.} 45. Rb1 Bxd1 $2 (45... Rh1+ $19 46. Kd2 Bxd1 47. Rxd1 Rh2+ 48. Kc1 Ra2) 46. Kxd1 {[%emt 0:00:12] KR-KR. The position is equal.} e4 47. dxe4 Kd6 (47... Ke6 $5 48. Rb5 $8 Ke5 49. Rxc5+ Kxe4 $11) 48. Rb5 $1 Ke5 {[%emt 0:01:16][%cal Od4d3] aiming for ...d3!} 49. Rxc5+ Kxe4 50. Rh5 Rg2 51. Rxh6 Kd3 52. Rh3+ $1 Kxc4 53. g5 {[%emt 0:00:30][%mdl 64] Deflection} Rxg5 (53... d3 $5 54. Rh7 Kd4 $11) 54. Kd2 Rg2+ 55. Kd1 Ra2 (55... d3 $5 56. Rh7 Re2 $11) 56. Rg3 Rh2 57. a4 Ra2 58. Rh3 Rxa4 59. Kd2 Ra8 60. Rg3 Rh8 61. Rf3 $1 Rh1 62. Rg3 Rh4 63. Ra3 Rh2+ 64. Kd1 Kd5 65. Rb3 $1 Ke4 66. Ra3 Rh1+ 67. Kd2 Rh2+ 68. Kd1 Rh1+ 69. Kd2 Rg1 70. Rh3 Rg2+ 71. Kd1 Rg1+ 72. Kd2 Ra1 73. Rb3 Ra2+ 74. Kd1 d3 75. Rb8 Ra1+ 76. Kd2 Ra2+ 77. Kd1 d2 78. Re8+ Kd3 79. Rd8+ Ke3 80. Re8+ (80. Rd3+ $5 Ke4 81. Rxd2 $11) 80... Kd4 81. Rd8+ Kc3 82. Rc8+ (82. Rd3+ $5 Kc4 83. Rd8 $11) 82... Kd3 83. Rd8+ Ke3 {[%emt 0:00:03] ( -> ...Ra1+)} 84. Re8+ Kd3 {[%emt 0:00:03] And White is the lucky defender.   Weighted Error Value: White=0.13 (very precise) /Black=0.10 (very precise)} 1/2-1/2

[Event "10th Cherry Blossom Classic 2023"]
[Site "Dulles"]
[Date "2023.05.28"]
[Round "5.8"]
[White "Muzychuk, Anna"]
[Black "Tanenbaum, Zachary"]
[Result "1/2-1/2"]
[ECO "C55"]
[WhiteElo "2504"]
[BlackElo "2261"]
[Annotator "TA"]
[PlyCount "84"]
[EventDate "2023.05.24"]
[EventType "swiss"]
[EventCountry "USA"]
[SourceTitle "playchess.com"]
[Source "ChessBase"]
[SourceQuality "1"]
[TimeControl "5400+30"]

1. e4 e5 2. Nf3 Nc6 3. Bc4 Nf6 4. d3 Be7 5. O-O d6 6. a4 Be6 {[%emt 0:00:06] C55: Two Knights: 4 d3, 4 d4 exd4 5 e5 and Max Lange Attack.} 7. Nc3 Bxc4 8. dxc4 O-O 9. Re1 a5 10. Nd5 b6 {[%emt 0:01:26] [#]} 11. h3 $146 ({Predecessor:} 11. c3 h6 12. Qc2 Nh7 13. h3 Bg5 14. Nxg5 hxg5 15. Be3 Ne7 16. Rad1 Nxd5 17. Rxd5 {1-0 Yudin,S (2556)-Krivonos,N (2295) Sibiria Region-ch 2010 (8)}) 11... h6 12. Nh2 Qd7 13. Ra3 Bd8 14. Rg3 (14. Nxf6+ {simplifies} Bxf6 15. Qh5 Bg5 16. Bxg5 hxg5 17. Qxg5 f5 18. Nf3) 14... Kh7 15. Nxf6+ Bxf6 16. Qh5 Qe7 (16... Qe6 $1 $11 {keeps the balance.}) 17. Ng4 $1 $16 {[%emt 0:04:56] Threatens to win with Qf5+. White has more active pieces.} (17. Bxh6 $2 gxh6 18. Ng4 Bg7 19. Qf5+ Kh8 $19) 17... Qe6 {[%emt 0:16:25] [#]} 18. Nxh6 $1 g6 19. Qd1 (19. Nxf7+ $2 gxh5 20. Ng5+ Bxg5 21. Rxg5 Qxc4 22. Rxh5+ Kg8 $19) 19... Qxc4 (19... Bh4 $16 {was called for.}) 20. Rc3 $18 Qxa4 21. b3 (21. Qg4 $1 $18 ) 21... Qb5 $16 {[%emt 0:00:03] [#]} 22. Nf5 Rh8 (22... gxf5 {gets mated.} 23. Qh5+ Kg8 24. Rg3+ Bg7 25. Qh6 (25. Qxf5 Ne7 $17) (25. Qxf5 Ne7 $15)) (22... Rac8 $1 $14) 23. Ne3 ({Much worse is} 23. Qd2 $6 Rad8 $11) (23. Qg4 $16 {[%cal Oc1g5] aiming for Bg5!} Ne7 24. Nxe7 Bxe7 25. Rxc7) 23... Bd8 $11 24. Nd5 {[%emt 0:01:37][%cal Oc1g5] Black must now prevent Bg5!} Ra7 25. Rf3 Nd4 26. Rxf7+ Kg8 27. c4 {[%emt 0:00:24] Really sharp!} ({But not} 27. Nc3 Qc6 28. Rf3 Nxf3+ 29. Qxf3 Rh7 $17) (27. Rf4 $5 ) 27... Qe8 28. Nf6+ Bxf6 $1 {[%emt 0:00:02][%mdl 64] Deflection} 29. Rxf6 $40 {[%emt 0:00:02][%mdl 128] White attacks.} Kg7 $1 30. Bg5 Ne6 31. f4 {[%emt 0:01:19] And now Qg4 would win.} Nxf4 32. Rf1 {[%emt 0:02:21] Hoping for Qg4.} Rf8 $2 (32... a4 $1 $11 {and Black has nothing to worry.}) 33. Rxf8 $18 Qxf8 {[%emt 0:00:02] [#]} 34. g3 $1 Nxh3+ {[%emt 0:00:11] [#]} 35. Kg2 $2 (35. Kh2 $1 $18 Nf2 36. Qe2 Ng4+ 37. Kh3 Qh8+ 38. Bh4) 35... Qxf1+ $1 $14 36. Kxf1 Nxg5 {[%emt 0:00:02][%mdl 4096] Endgame KQ-KRN} 37. Qg4 Nf7 38. Qc8 (38. Qd7 $16) 38... a4 $1 $11 {[%emt 0:00:21] The position is equal.} 39. bxa4 Rxa4 40. Qxc7 Rb4 41. g4 g5 42. Ke2 b5 {[%emt 0:00:25] Weighted Error Value: White=0.24 (precise) /Black=0.24 (precise)} 1/2-1/2

[Event "10th Cherry Blossom Classic 2023"]
[Site "Dulles"]
[Date "2023.05.28"]
[Round "5.9"]
[White "Plotkin, Mark"]
[Black "Sriniaiyer, Sudarshan"]
[Result "1/2-1/2"]
[ECO "B22"]
[WhiteElo "2341"]
[BlackElo "2211"]
[Annotator "TA"]
[PlyCount "60"]
[EventDate "2023.05.24"]
[EventType "swiss"]
[EventCountry "USA"]
[SourceTitle "playchess.com"]
[Source "ChessBase"]
[SourceQuality "1"]
[TimeControl "5400+30"]

1. e4 c5 2. c3 Nf6 3. e5 Nd5 4. d4 cxd4 5. Nf3 d6 6. Bc4 dxe5 {[%emt 0:00:09] B22: Sicilian: 2 c3.} 7. Nxe5 (7. Qb3 e6 $15) 7... e6 8. O-O (8. Qxd4 $5 Be7 9. O-O $11) 8... Be7 {[%emt 0:06:22] The position is equal.} 9. cxd4 O-O 10. Re1 Nc6 11. Nf3 Bf6 12. Bb3 {[%emt 0:00:51] [#]} b6 $146 ({Predecessor:} 12... Nde7 13. Re4 b6 14. Nc3 Bb7 15. Bg5 Ng6 16. h4 Na5 17. Rg4 Nxb3 18. axb3 h5 {½-½ Nikolova,A (2299)-Petrova,K (2298) Olympiad Women-40 2012 (8.3)}) 13. Nc3 Nxc3 14. bxc3 Bb7 15. Qd3 Rc8 16. h4 Na5 17. Bc2 g6 18. Bh6 Bg7 19. Bxg7 Kxg7 20. Ng5 Qd5 21. f3 Qc4 {[%emt 0:01:18] Inhibits Bb3.} 22. Qe3 (22. Qxc4 $142 Rxc4 23. Bb3 Rxc3 24. Bxe6) 22... Qxc3 $17 23. Qe5+ Kg8 24. Be4 {[%emt 0:01:04] [#]} Qc7 {[%emt 0:01:26] Dodges Rac1} (24... Bxe4 $142 $1 25. Nxe4 Nc6 26. Nxc3 Nxe5 {[%mdl 64] Discovered Attack} 27. dxe5 Rxc3) 25. Bxb7 Qxe5 ({Reject} 25... Qxb7 $6 26. Ne4 $11) 26. dxe5 Nxb7 27. Ne4 Rfd8 28. Rad1 Kg7 29. Rxd8 Rxd8 30. Rc1 {[%emt 0:00:15] [#]} Nc5 $1 {[%emt 0:01:31] Weighted Error Value: White=0.13 (very precise) /Black=0.09 (flawless)} 1/2-1/2